 Dungeon Crawl Stone Soup version 0.30-b1-2-g02819fbbbe (webtiles) character file.

Game seed: 11223565438235891336

29 Alarkh the Trooper (level 3, 29/29 HPs)
             Began as a Demonspawn Chaos Knight on May 20, 2023.
             Was a Plaything of Xom.
             Got out of the dungeon alive.
             The game lasted 00:01:04 (665 turns).

Alarkh the Trooper (Demonspawn Chaos Knight)         Turns: 665, Time: 00:01:04

Health: 29/29      AC:  5    Str: 12    XL:     3   Next: 1%
Magic:  3/3        EV: 11    Int: 15    God:    Xom [....*.]
Gold:   53         SH:  0    Dex: 12    Spells: 2/2 levels left

rFire   . .          .
                       - Unarmed
rCold   . . .        (no shield)
rNeg    . . .        a - +2 leather armour
rPois   .            (helmet restricted)
rElec   .            (no cloak)
rCorr   .            (no gloves)
SInv    .            (no boots)
Will    .....        (no amulet)
Stlth   +            (no ring)
HPRegen 0.24/turn    (no ring)
MPRegen 0.08/turn

%: no passive effects
@: no status effects
A: horns 1, spiny 1
a: Renounce Religion


You escaped.
You worshipped Xom.
You were a beloved toy of Xom.
You visited 1 branch of the dungeon, and saw 1 of its levels.

You collected 53 gold pieces.

Inventory:

Armour
 a - a +2 leather armour (worn)
Potions
 c - a potion of heal wounds {unknown}
 d - a potion of degeneration {unknown}
 e - a potion of mutation {unknown}
Miscellaneous
 b - a piece from Xom's chessboard (15/15) (quivered)


   Skills:
 + Level 3.2 Fighting
 - Level 1.8 Armour
 + Level 1.3 Dodging
 + Level 1.0 Stealth
 * Level 3.1 Unarmed Combat


You had 2 spell levels left.
You didn't know any spells.
Your spell library contained the following spells:

 Spells                   Type           Power      Damage    Failure   Level
 Ozocubu's Armour         Ice            0%         N/A       71%         3
 Ozocubu's Refrigeration  Ice            0%         4d7       100%        7


Dungeon Overview and Level Annotations

Branches:
Dungeon (1/15)

Altars:


Innate Abilities, Weirdness & Mutations

You have a pair of small horns on your head.
You are partially covered in sharp spines.


Message History

You barely miss the giant cockroach. The giant cockroach misses you.
You punch the giant cockroach!
You kill the giant cockroach!
Things that are here:
a +0 dagger; a kobold corpse You hit the endoplasm.
The endoplasm is moderately wounded.
The endoplasm freezes you.
You are frozen.
You hit the endoplasm but do no damage.
The endoplasm is moderately wounded.
The endoplasm freezes you.
You are frozen.
You completely miss the endoplasm.
The endoplasm is moderately wounded.
The endoplasm barely misses you.
You hit the endoplasm.
The endoplasm is severely wounded.
The endoplasm hits you but does no damage.
You hit the endoplasm.
You kill the endoplasm!
You have reached level 3!
Your experience leads to an increase in your attributes!
Increase (S)trength, (I)ntelligence, or (D)exterity?
You feel clever. x2
You feel monstrous as your demonic heritage exerts itself.
Your demonic ancestry asserts itself...
A pair of horns grows on your head!
There is an open door here.
There is an open door here.
There is an open door here.
There is an open door here.
There is an open door here.
There is an open door here.
There is an open door here.
There is an open door here.
There is an open door here.
There is a staircase leading out of the dungeon here.
Are you sure you want to leave the Dungeon?
This will make you lose the game!
You have escaped!

..# ################ #.#.#
#.# #.......'......# #.#.#
#.# #.......#......###.#.#
#.###
#.......#......#...#.#
#...#
#...########...#.....#
###)#
#...#...'..#...#...###
.##.# #...#...#..#...#.#.#
.##.# #...#...##'###'###'#
.##.###'###'####@#...#...#
.....)#...#....###...#...#
.##.###...#....#.....#...#
.##.# #...#....#.....#...#
.##.###...#....'.....#...#
###.#.#...############...#
#.#.#........#.........#
###.#.#........#.........#
......#........'.........+


There were no monsters in sight!

Vanquished Creatures
  A dart slug (D:1)
  A bat (D:1)
  5 endoplasms (D:1)
  2 giant cockroaches (D:1)
  4 goblins (D:1)
  3 hobgoblins (D:1)
  A quokka (D:1)
  A ball python (D:1)
  A frilled lizard (D:1)
  A kobold (D:1)
  3 rats (D:1)
23 creatures vanquished.

Notes
Turn   | Place    | Note
-------+----------+-------------------------------------------
     0 | D:1      | Alarkh the Demonspawn Chaos Knight began the quest for the
                  | Orb.
     0 | D:1      | Reached XP level 1. HP: 18/18 MP: 1/1
    88 | D:1      | Reached skill level 1 in Dodging
   157 | D:1      | XOM: silly message
   236 | D:1      | Gained mutation: You are partially covered in sharp spines.
                  | [demonic ancestry]
   236 | D:1      | Reached XP level 2. HP: 20/24 MP: 2/2
   550 | D:1      | Reached skill level 1 in Stealth
   558 | D:1      | Discovered your monstrous ancestry.
   558 | D:1      | Gained mutation: You have a pair of small horns on your
                  | head. [demonic ancestry]
   558 | D:1      | Reached XP level 3. HP: 24/29 MP: 3/3
   665 | D:$      | Got out of the dungeon alive.

Illustrated notes

Levels and vault maps discovered:
D:1:      minmay_arrival_widening_spiral_wide, layout_loops_ring,
          shapermc_ecumenical_altar_mp_highgroup, minmay_tree_intersection,
          minmay_worlds_worst_comb

Skill      XL: |  1  2 |
---------------+-------+-----
Dodging        | 1 |  1.3
Unarmed Combat | 3 |  3.1
Stealth        | 1 |  1.0
Fighting       | |  3.2
Armour         | |  1.8

Action                     || total
---------------------------++-------
  Melee: Unarmed           ||    57
 Armour: Leather armour    ||    11
  Dodge: Dodged            ||    25
